 Dungeon Crawl Stone Soup version 0.28-a0-1002-gf00fe891ef (webtiles) character file.

Game seed: 13339709913349575616

16538 fragbeetle the Cleaver (level 12, -25/105 HPs)
             Began as a Minotaur Fighter on Dec 7, 2021.
             Was an Elder of the Shining One.
             Annihilated by a phantasmal warrior (26 damage)
             ... led by a death knight
             ... on level 11 of the Dungeon.
             The game lasted 00:43:32 (13636 turns).

fragbeetle the Cleaver (Minotaur Fighter)          Turns: 13636, Time: 00:43:32

Health: -25/105    AC: 19    Str: 21    XL:     12   Next: 10%
Magic:  13/13      EV:  8    Int:  9    God:    the Shining One [****..]
Gold:   783        SH:  5    Dex: 11    Spells: 10/13 levels left

rFire   + . .      SeeInvis .   M - +4 dire flail (freeze)
rCold   + . .      Faith    .   (shield currently unavailable)
rNeg    + + .      Spirit   .   V - +4 chain mail {Will+}
rPois   .          Reflect  +   (helmet restricted)
rElec   .          Harm     .   F - +0 cloak
rCorr   .          Rampage  .   S - +0 pair of gloves
Will    +....                   h - +0 pair of boots
Stlth   ..........              j - amulet of reflection
HPRegen 0.27/turn               l - ring of protection from cold
MPRegen 0.13/turn               x - ring of protection from fire

@: mighty, glowing
A: horns 2, retaliatory headbutt
a: Renounce Religion, Divine Shield, Cleansing Flame


You were on level 11 of the Dungeon.
You worshipped the Shining One.
The Shining One was greatly pleased with you.
You visited 2 branches of the dungeon, and saw 13 of its levels.
You also visited: Sewer.

You collected 873 gold pieces.
You spent 90 gold pieces at shops.

Inventory:

Hand Weapons
 B - a +4 war axe of electrocution
 I - a +5 dire flail of venom
 M - a +4 dire flail of freezing (weapon)
 P - a +4 hand axe of freezing
Missiles
 t - 277 stones (quivered)
 H - a silver javelin
 J - 6 throwing nets
 W - 8 boomerangs
Armour
 a - a scarf of invisibility
 c - a +0 buckler
 e - a +0 kite shield
 h - a +0 pair of boots (worn)
 F - a +0 cloak (worn)
 S - a +0 pair of gloves (worn)
 T - a +1 chain mail of poison resistance
 V - a +4 chain mail of willpower (worn)
 Y - +0 acid dragon scales
Magical Staves
 C - a staff of air
Jewellery
 j - an amulet of reflection (around neck)
 l - a ring of protection from cold (left hand)
 n - a ring of willpower
 v - a ring of magical power
 w - an amulet of guardian spirit
 x - a ring of protection from fire (right hand)
 L - an amulet of faith
Wands
 b - a wand of polymorph (6)
 f - a wand of paralysis (8)
 q - a wand of charming (9)
 y - a wand of digging (8)
 U - a wand of iceblast (6)
 X - a wand of flame (18)
Scrolls
 g - a scroll of acquirement {unknown}
 i - a scroll of torment {unknown}
 k - a scroll of blinking
 o - 2 scrolls of magic mapping
 p - 2 scrolls of amnesia {unknown}
 r - 2 scrolls of fog
 s - a scroll of fear {unknown}
 u - 2 scrolls of immolation
 z - a scroll of holy word {unknown}
 D - 3 scrolls of teleportation
 K - 2 scrolls of noise {unknown}
 N - a scroll of identify
Potions
 d - a potion of might
 m - 3 potions of curing
 E - a potion of flight {unknown}
 G - 2 potions of resistance {unknown}
 O - a potion of brilliance {unknown}
 Q - 2 potions of ambrosia
 R - a potion of mutation {unknown}
Miscellaneous
 Z - a box of beasts


   Skills:
 + Level 9.5 Fighting
 + Level 11.7(13.2) Axes
 + Level 10.1(12.5) Maces & Flails
 + Level 9.7 Armour
 - Level 1.0 Dodging
 + Level 9.0 Shields
 + Level 1.4 Spellcasting
 * Level 7.1 Earth Magic


You had 10 spell levels left.
You knew the following spells:

 Your Spells              Type           Power      Damage    Failure   Level
a - Sandblast             Erth           26%        2d8       12%         1
b - Passwall              Tmut/Erth      5%         N/A       63%         2

Your spell library contained the following spells:

 Spells                   Type           Power      Damage    Failure   Level
 Stone Arrow              Conj/Erth      14%        3d7       85%         3
 Animate Armour           Summ/Erth      14%        N/A       99%         4
 Ozocubu's Armour         Ice            0%         N/A       100%        3
 Swiftness                Air            0%         N/A       100%        3
 Olgreb's Toxic Radiance  Pois           0%         N/A       100%        4
 Blade Hands              Tmut           0%         N/A       100%        5
 Freezing Cloud           Conj/Ice/Air   0%         6-21      100%        5
 Metabolic Englaciation   Hex/Ice        0%         N/A       100%        5
 Iron Shot                Conj/Erth      3%         9d2       100%        6
 Simulacrum               Ice/Necr       0%         N/A       100%        6
 Ozocubu's Refrigeration  Ice            0%         4d5       100%        7
 Ignition                 Fire           0%         3d3       100%        8
 Polar Vortex             Ice            0%         N/A       100%        9


Dungeon Overview and Level Annotations

Branches:
Dungeon (12/15)            Temple (1/1) D:7            Lair (0/6) D:8
    Orc (0/2) D:10          Sewer (visited)

Altars:
Ashenzari
Cheibriados
Dithmenos
Elyvilon
Fedhas
Gozag
Hepliaklqana
Kikubaaqudgha
Makhleb
Nemelex Xobeh
Okawaru
Qazlal
Ru
Sif Muna
Trog
Uskayaw
Vehumet
Wu Jian
Xom
Yredelemnul
Zin
The Shining One
Beogh
Jiyva

Shops:
D:1 ?   D:4 (   D:7 [   D:12 [


Innate Abilities, Weirdness & Mutations

You have a pair of horns on your head.
You reflexively headbutt those who attack you in melee.


Message History

You sock the yak! You freeze the yak.
You kill the yak!
You hear a shout!
The death knight hits you with a +0 broad axe!
You puncture the death knight! You freeze the death knight.
You headbutt the death knight.
The death knight is almost dead.
The death knight reflects your damage back at you!
* * * LOW HITPOINT WARNING * * *
You block the freezing wraith's attack. The freezing wraith hits you.
* * * LOW HITPOINT WARNING * * *
You barely miss the death knight.
The death knight is almost dead.
The death knight's dark mirror aura disappears.
The death knight hits you with a +0 broad axe!
* * * LOW HITPOINT WARNING * * *
Blink to where?
Press: ? - help, Dir - move target
As you read the scroll of blinking, it crumbles to dust.
A phantasmal warrior comes into view.
An orc comes into view. It is wielding a +0 flail.
The orc shouts!
You hear a bellow!
You hear a shout!
An orc comes into view. It is wielding a +0 hand axe.
The yak bellows!
An orc and an orc warrior come into view.
The orc warrior shouts!
The orc shouts!
An orc comes into view. It is wielding a +0 hand axe.
The phantasmal warrior gestures at you.
The phantasmal warrior blinks!
There is a stone staircase leading up, spattered with blood here.
The phantasmal warrior hits you!
* * * LOW HITPOINT WARNING * * *
You climb upwards.
There is a stone staircase leading down, spattered with blood here.
You puncture the phantasmal warrior! You freeze the phantasmal warrior.
The phantasmal warrior is moderately damaged.
You puncture the phantasmal warrior!
The phantasmal warrior is severely damaged.
The phantasmal warrior hits you!!
You die...

######## #......# #.####.#
#.# #.# ##.####.#
#####.......#
##########........#..#
#.....)....W[...#.#..#
#####.######....@##.#.#..#
#.....# ##..(###......#
#.#####
##...[....#.######### #.#
#)########.###...... #)#
#.# ##.#.##.####. #)###
##'## ##.###.#.## #. #.)[#
##...## #.## ##...# #.
#)#)#
##.....####.###.#..###.
###[###
##.......####.#....#.##.


You could see a phantasmal warrior.

Vanquished Creatures
  Josephine (D:11)
  2 hydras
  A boulder beetle (D:12)
  2 slime creatures (D:12)
  Pikel (D:9)
  A cyclops (D:11)
  5 centaur zombies (D:10)
  Maggie (D:7)
  5 trolls
  A vampire (D:10)
  A wyvern (D:8)
  7 wraiths
  5 yaks
  3 basilisks (D:8)
  2 steam dragons
  An acid dragon (D:8)
  2 water moccasins
  12 orc warriors
  An ice beast (D:6)
  A sky beast (D:6)
  5 necrophages
  4 ogres
  3 centaurs
  A phantom (D:5)
  3 kobold brigands
  3 bullfrogs
  6 gnoll sergeants
  2 scorpions
  A water moccasin skeleton (D:4)
  14 killer bees
  24 wights
  2 howler monkeys
  9 hounds
  4 jellies
  A bullfrog skeleton (D:6)
  4 gnoll shamans (D:7)
  7 orc priests
  Ijyb (D:3)
  An iguana (D:4)
  8 orc wizards
  A hound zombie (D:5)
  A hound skeleton (D:4)
  2 howler monkey zombies
  A mummy (D:10)
  Robin (D:2)
  34 gnolls
  13 adders
  A howler monkey skeleton (D:6)
  A river rat (D:4)
  3 shadow imps
  2 white imps
  An ufetubus (D:6)
  An adder skeleton (D:4)
  5 worms
  3 dart slugs
  61 orcs
  14 ball pythons
  14 endoplasms
  10 giant cockroaches
  13 goblins
  4 hobgoblins
  4 jackals (D:7)
  12 quokkas
  3 training dummies (D:4)
  12 bats
  18 frilled lizards
  26 kobolds
  9 rats
428 creatures vanquished.

Vanquished Creatures (others)
  A kobold (D:9)
1 creature vanquished.

Grand Total: 429 creatures vanquished

Notes
Turn   | Place    | Note
-------+----------+-------------------------------------------
     0 | D:1      | fragbeetle the Minotaur Fighter began the quest for the
                  | Orb.
     0 | D:1      | Reached XP level 1. HP: 19/19 MP: 0/0
   235 | D:1      | Found Tigihueteh's Magic Scroll Shop.
   244 | D:1      | Reached XP level 2. HP: 27/27 MP: 1/1
   412 | D:1      | Found a faded altar of an unknown god.
  1243 | D:2      | Reached skill level 3 in Axes
  1250 | D:2      | Reached XP level 3. HP: 32/33 MP: 2/2
  1306 | D:2      | Learned a level 1 spell: Sandblast
  1334 | D:2      | Noticed Robin
  1355 | D:2      | Killed Robin
  1356 | D:2      | Reached skill level 1 in Dodging
  1356 | D:2      | Reached XP level 4. HP: 27/40 MP: 3/3
  1911 | D:3      | Reached skill level 4 in Axes
  1958 | D:3      | Reached XP level 5. HP: 46/46 MP: 4/4
  2261 | D:3      | Found a shimmering blue altar of Sif Muna.
  2303 | D:3      | Noticed Ijyb
  2319 | D:3      | Killed Ijyb
  2442 | D:3      | Found Zin's Purification Station.
  2444 | D:3      | Found a glowing silver altar of Zin.
  2469 | D:3      | Bought a potion of curing for 90 gold pieces
  2581 | D:3      | Reached skill level 5 in Axes
  2863 | D:4      | Found a burning altar of Makhleb.
  2937 | D:4      | Reached XP level 6. HP: 53/53 MP: 5/5
  3021 | D:4      | Found a glowing drain.
  3036 | Sewer    | Entered a sewer
  3147 | Sewer    | Reached skill level 5 in Shields
  3181 | Sewer    | Reached skill level 1 in Earth Magic
  3327 | Sewer    | Reached skill level 6 in Axes
  3369 | D:4      | Reached XP level 7. HP: 60/60 MP: 6/6
  3477 | D:4      | Found Sur Giqe's Firing Range.
  3579 | D:5      | Entered Level 5 of the Dungeon
  3593 | D:5      | Reached skill level 5 in Fighting
  3609 | D:5      | Reached skill level 7 in Axes
  3609 | D:5      | Reached skill level 5 in Armour
  4152 | D:5      | Reached XP level 8. HP: 68/68 MP: 7/7
  4170 | D:5      | Found a shimmering altar of Xom.
  4276 | D:5      | Found a blossoming altar of Fedhas.
  4333 | D:5      | Reached skill level 1 in Maces & Flails
  5454 | D:6      | Found an ornate altar of the Wu Jian Council.
  5911 | D:7      | Reached XP level 9. HP: 62/78 MP: 8/8
  5987 | D:7      | Found a bloodstained altar of Trog.
  6059 | D:7      | Reached skill level 5 in Maces & Flails
  6642 | D:7      | Found Editsov Rakh's Antique Armour Emporium.
  6686 | D:7      | Found an ancient bone altar of Kikubaaqudgha.
  6723 | D:7      | Found a staircase to the Ecumenical Temple.
  7377 | D:7      | Noticed Maggie
  7386 | D:7      | Killed Maggie
  7656 | Temple   | Entered the Ecumenical Temple
  7662 | Temple   | Became a worshipper of the Shining One
  8077 | D:8      | Reached XP level 10. HP: 60/86 MP: 9/9
  8119 | D:8      | Found an iron altar of Okawaru.
  8120 | D:8      | Reached * piety under the Shining One
  8311 | D:8      | Reached skill level 5 in Earth Magic
  8390 | D:8      | Found a staircase to the Lair.
  8827 | D:8      | Found a stormy altar of Qazlal.
  9072 | D:9      | Reached skill level 1 in Spellcasting
  9280 | D:9      | Reached skill level 8 in Axes
  9298 | D:10     | Entered Level 10 of the Dungeon
  9765 | D:9      | Reached ** piety under the Shining One
  9858 | D:9      | Noticed Pikel
  9864 | D:9      | Killed Pikel
 10083 | D:9      | Reached skill level 9 in Axes
 10537 | D:10     | Reached XP level 11. HP: 92/92 MP: 11/11
 10713 | D:10     | Found a snail-covered altar of Cheibriados.
 10784 | D:10     | Reached *** piety under the Shining One
 10984 | D:10     | Reached skill level 10 in Axes
 10996 | D:10     | Found a staircase to the Orcish Mines.
 11548 | D:11     | Noticed an eight-headed hydra
 11583 | D:11     | Killed an eight-headed hydra
 12097 | D:11     | Reached **** piety under the Shining One
 12098 | D:11     | Noticed Josephine
 12114 | D:11     | Killed Josephine
 12135 | D:11     | Reached skill level 11 in Axes
 12494 | D:12     | Noticed a five-headed hydra
 13013 | D:12     | Noticed a boulder beetle
 13133 | D:12     | Killed a five-headed hydra
 13134 | D:12     | Reached skill level 10 in Maces & Flails
 13141 | D:12     | Found Buistig's Antique Armour Shoppe.
 13166 | D:12     | Killed a boulder beetle
 13167 | D:12     | Reached XP level 12. HP: 45/105 MP: 13/13
 13171 | D:12     | Learned a level 2 spell: Passwall
 13610 | D:12     | Noticed a death knight
 13633 | D:12     | HP: 1/105 [phantasmal warrior[a death knight] (8)]
 13636 | D:11     | Annihilated by a phantasmal warrior

Illustrated notes

Levels and vault maps discovered:
D:1:      dpeg_arrival_line_fractal, layout_loops_corners, serial_shops, shop,
          shapermc_ecumenical_altar_flowoftime, minmay_misc_feat_more_columns,
          minmay_distorted
D:2:      layout_basic, minmay_quadrilaterals, uniq_robin
D:3:      layout_basic, lemuel_tele_altar, zin_purify, minmay_box_of_dots,
          uniq_ijyb
D:4:      layout_rooms, mainiacjoe_overflow_boulevard,
          cheibrodos_sewer_entry_sluice, nicolae_shop_firing_range
D:5:      layout_cave_pools, mainiacjoe_overflow_paths, fedhas_altar_2,
          minmay_crystal_room
D:6:      layout_layer_cave, nicolae_wu_jian_wuxing_cycle
D:7:      layout_cave_pools, old_standard_altar,
          mainiacjoe_overflow_concentric_impassable, minmay_temple_entry_wispy,
          serial_gnoll_camp, gnoll_camp_huts_basic, gnoll_camp_mini_basic,
          gnoll_camp_mini_house, gnoll_camp_medium_01, gnoll_camp_mini_house,
          serial_shops, shop_fountains, uniq_maggie
D:8:      layout_basic, nicolae_qazlal_general_emergency, okawaru_gym_becter,
          erik_lair_dragon
D:9:      layout_roguey [special_room_orc], uniq_pikel
D:10:     layout_loops_ring, cheibrodos_worm_habitat, orc_0_dummy,
          serial_undead, serial_undead_a, serial_undead_a, serial_undead_f,
          serial_undead_a, serial_undead_a, serial_undead_a, serial_undead_a,
          serial_undead_a
D:11:     layout_loops_corners, special_room [special_room_orc], uniq_josephine
D:12:     layout_layer_cave, serial_shops, nicolae_shop_crystal, shop,
          nicolae_shop_stone, gammafunk_ghost_smash, uniq_nergalle
Temple:   pf_slimified_temple

Skill      XL: |  1  2  3  4  5  6  7  8  9 10 11 12 |
---------------+-------------------------------------+-----
Fighting       | 4 5 6 7 8 9 |  9.5
Armour         | 4 5 6 7 8 9 |  9.7
Axes           | 3 4 5 6 7 9 11 | 11.7
Shields        | 4 5 6 8 9 |  9.0
Dodging        | 1 |  1.0
Earth Magic    | 1 2 3 4 5 7 |  7.1
Maces & Flails | 4 7 9 10 | 10.1
Spellcasting   | 1 |  1.4

Action                   |  1- 3 |  4- 6 |  7- 9 | 10-12 || total
-------------------------+-------+-------+-------+-------++-------
Melee: War axe           |    79 |   206 |    56 |   298 ||   639
       Headbutt          |     9 |    30 |    46 |    65 ||   150
       Dire flail        |       |       |   254 |   108 ||   362
 Cast: Sandblast         |       |       |     5 |    12 ||    17
  Use: Scroll            |       |     1 |       |    17 ||    18
       Potion            |       |       |     3 |     5 ||     8
Armor: Scale mail        |    42 |    68 |   156 |       ||   266
       Acid dragon scale |       |       |    30 |    37 ||    67
       Chain mail        |       |       |       |   119 ||   119
Dodge: Dodged            |    41 |    77 |   173 |   103 ||   394
Block: Buckler           |    37 |   105 |    33 |   102 ||   277
       Reflection        |     1 |     9 |     3 |     9 ||    22
       Other             |       |       |    70 |    13 ||    83
       Kite shield       |       |       |       |    66 ||    66

Table legend: (Time is in decaauts)
 A = Elapsed time spent in this place.
 B = Non-inter-level travel time spent in this place.
 C = Inter-level travel time spent in this place.
 D = Time resting spent in this place.
 E = Time spent auto-exploring this place.
 F = Levels seen in this place.
 G = Mean time per level.
                   A        B        C        D        E       F      G
               +--------+--------+--------+--------+--------+-----+--------+
         Total |  13733 |  13581 |    152 |   1740 |   7395 |  14 |  980.9 |
       Dungeon |  13225 |  13073 |    152 |   1740 |   7317 |  12 | 1102.1 |
        Temple |    111 |    111 |      0 |      0 |     78 |   1 |  111.0 |
         Sewer |    396 |    396 |      0 |      0 |      0 |   1 |  396.0 |
               +--------+--------+--------+--------+--------+-----+--------+

Top non-repeatable levels by time:
     D:7: 1842 daAuts
    D:11: 1714 daAuts
     D:8: 1522 daAuts
     D:6: 1253 daAuts
    D:10: 1137 daAuts
     D:1: 1037 daAuts
     D:9: 914 daAuts
     D:2: 899 daAuts
     D:3: 864 daAuts
     D:4: 768 daAuts
     D:5: 767 daAuts
    D:12: 503 daAuts
   Sewer: 396 daAuts
  Temple: 111 daAuts
